 Dungeon Crawl Stone Soup version 0.30.1-11-g7821555f0a (webtiles) character file.

Game seed: 647156882224986664

79 Martska the Insei (level 4, -1/33 HPs)
             Began as a Human Transmuter on Dec 10, 2023.
             Slain by a water moccasin zombie (7 damage)
             ... on level 3 of the Dungeon.
             The game lasted 00:02:09 (1910 turns).

Martska the Insei (Human Transmuter)                Turns: 1910, Time: 00:02:09

Health: -1/33      AC:  3    Str: 12    XL:     4   Next: 64%
Magic:  4/7        EV: 12    Int: 14    God:
Gold:   119        SH:  0    Dex: 13    Spells: 5/8 levels left

rFire   . .          .
                       - Unarmed
rCold   . . .        (no shield)
rNeg    . . .        a - +0 robe
rPois   .            (helmet currently unavailable)
rElec   .            l - +0 cloak
rCorr   .            (no gloves)
SInv    .            (boots currently unavailable)
Will    .....        (no amulet)
Stlth   +            (no ring)
HPRegen 0.25/turn    (no ring)
MPRegen 0.10/turn

%: no passive effects
@: appendages, wereblooded
A: horns 2, talons 2
a: End Transformation


You were on level 3 of the Dungeon.
You had temporarily grown beastly horns and talons.
You visited 1 branch of the dungeon, and saw 3 of its levels.

You collected 119 gold pieces.

Inventory:

Armour
 a - a +0 robe (worn)
 j - a scarf of resistance
 l - a +0 cloak (worn)
Jewellery
 g - a ring of wizardry
Wands
 n - a wand of polymorph (9)
Scrolls
 d - 2 scrolls of vulnerability {unknown}
 f - 5 scrolls of identify {unknown}
 i - a scroll of silence {unknown}
 k - a scroll of magic mapping {unknown}
Potions
 b - a potion of lignification
 c - 4 potions of curing {unknown}
 e - a potion of attraction {unknown}
 h - 3 potions of mutation {unknown}
 m - 2 potions of haste {unknown}
 o - a potion of cancellation {unknown}


   Skills:
 + Level 1.9 Fighting
 + Level 2.6 Dodging
 + Level 3.4 Unarmed Combat
 + Level 2.5 Spellcasting
 + Level 2.7 Transmutations


You had 5 spell levels left.
You knew the following spells:

 Your Spells              Type           Power      Damage    Failure   Level
a - Beastly Appendage     Tmut           18%        N/A       8%          1
b - Wereblood             Tmut           9%         N/A       11%         2

Your spell library contained the following spells:

 Spells                   Type           Power      Damage    Failure   Level
 Magic Dart               Conj           4%         1d3       22%         1
 Searing Ray              Conj           2%         2d4       34%         2
 Spider Form              Tmut/Pois      5%         N/A       36%         3
 Ice Form                 Ice/Tmut       5%         N/A       78%         4
 Fulminant Prism          Conj/Hex       0%         3d5       92%         4


Dungeon Overview and Level Annotations

Branches:
Dungeon (3/15)

Altars:

Shops:
D:1 [

Annotations:
D:3 3 runed translucent doors, vytenis3d's ghost, amateur HOFi


Innate Abilities, Weirdness & Mutations

You have temporarily grown beastly horns and talons.


Message History

The water moccasin zombie completely misses you.
You hit the water moccasin zombie.
The water moccasin zombie is moderately damaged.
The water moccasin zombie bites you. x2
You are too injured to fight recklessly!
You are too injured to fight recklessly!
You are too injured to fight recklessly!
You are too injured to fight recklessly!
You are too injured to fight recklessly!
You are too injured to fight recklessly!
Casting: Beastly Appendage (safe; 8% risk of failure)
Confirm with . or Enter, or press ? or * to list all spells.
Your blood is infused with primal strength.
The water moccasin zombie bites you but does no damage.
You closely miss the water moccasin zombie.
The water moccasin zombie is moderately damaged.
The water moccasin zombie bites you but does no damage.
You punch the water moccasin zombie!
The water moccasin zombie is heavily damaged.
The water moccasin zombie bites you.
You closely miss the water moccasin zombie.
The water moccasin zombie is heavily damaged.
The water moccasin zombie bites you.
You closely miss the water moccasin zombie.
The water moccasin zombie is heavily damaged.
The water moccasin zombie closely misses you.
You hit the water moccasin zombie.
The water moccasin zombie is heavily damaged.
The water moccasin zombie bites you.
* * * LOW HITPOINT WARNING * * *
Casting: Wereblood (safe; 11% risk of failure)
Confirm with . or Enter, or press ? or * to list all spells.
You grow a pair of large bovine horns.
Your feet morph into talons.
The water moccasin zombie closely misses you.
The water moccasin zombie bites you.
* * * LOW HITPOINT WARNING * * *
You hit the water moccasin zombie. You claw the water moccasin zombie.
The water moccasin zombie is severely damaged.
The water moccasin zombie bites you!
You die...

#..# #.#
#..###.#
#.......
#........##.#
#............
####
.#.###.######
..... # #.# #
......###### #
#.#
.....ZZ@...##.#
#.
......####....#
#. ..... #.####
##### #### #.#
# ..... #.# #
[....
#####.###### #
#...###
#..........#..#
# #.....##
#.##..####.##.#
#
##...####.##.##
#.# #


You could see a water moccasin zombie and a scorpion zombie.

Vanquished Creatures
  Jessica (D:2)
  2 adders (D:2)
  A dart slug (D:2)
  4 ball pythons
  2 bats
  An endoplasm (D:2)
  2 giant cockroaches (D:1)
  4 goblins
  4 hobgoblins
  5 kobolds
  3 quokkas
  A frilled lizard (D:2)
  2 rats (D:1)
32 creatures vanquished.

Notes
Turn   | Place    | Note
-------+----------+-------------------------------------------
     0 | D:1      | Martska the Human Transmuter began the quest for the Orb.
     0 | D:1      | Reached XP level 1. HP: 15/15 MP: 3/3
   162 | D:1      | Reached XP level 2. HP: 21/21 MP: 5/5
   472 | D:1      | Found Wongos's Armour Shop.
   715 | D:2      | Reached XP level 3. HP: 26/26 MP: 4/6
  1347 | D:2      | Reached XP level 4. HP: 29/33 MP: 5/7
  1451 | D:2      | Noticed Jessica
  1454 | D:2      | Killed Jessica
  1516 | D:3      | Found a runed translucent gate.
  1516 | D:3      | Found a runed translucent gate.
  1516 | D:3      | Found a runed translucent gate.
  1517 | D:3      | Noticed vytenis3d's ghost (amateur HOFi)
  1542 | D:3      | Learned a level 2 spell: Wereblood
  1910 | D:3      | Slain by a water moccasin zombie

Illustrated notes

Levels and vault maps discovered:
D:1:      minmay_arrival_three_doors, layout_basic, serial_shops, shop
D:2:      layout_loops_cross, nicolae_figureground_sparkle, uniq_jessica
D:3:      layout_loops_ring, lemuel_zombie_altar_yredelemnul,
          ebering_ghost_rock_garden, uniq_grinder

Action                     |  1- 3 |  4- 6 || total
---------------------------+-------+-------++-------
  Melee: Unarmed           |    96 |    19 ||   115
         Kick              |     5 |     1 ||     6
         Headbutt          |     3 |       ||     3
         Punch             |     2 |       ||     2
   Cast: Beastly Appendage |    10 |     2 ||    12
         Wereblood         |       |     1 ||     1
   Stab: Sleeping          |       |     1 ||     1
 Armour: Robe              |    19 |     5 ||    24
  Dodge: Dodged            |    64 |     7 ||    71
